 Dungeon Crawl Stone Soup version 0.27.1-2-g3b301248ec (webtiles) character file.

Game seed: 104250022302463731

956 MisterFreud the Stinger (level 8, 0/58 HPs)
             Began as a Gnoll Venom Mage on Oct 4, 2021.
             Was an Elder of Elyvilon.
             Slain by a vampire mosquito (5 damage)
             ... on level 7 of the Dungeon.
             The game lasted 00:10:28 (6362 turns).

MisterFreud the Stinger (Gnoll Venom Mage)          Turns: 6362, Time: 00:10:29

Health: 0/58       AC:  6    Str:  7    XL:     8   Next: 14%
Magic:  16/16      EV: 22    Int: 17    God:    Elyvilon [****..]
Gold:   314        SH:  0    Dex: 13    Spells: 8/18 levels left

rFire    . . .     SeeInvis .   q - +0 morningstar (venom)
rCold    . . .     Faith    .   (no shield)
rNeg     . . .     Spirit   .   a - +0 robe
rPois    .         Reflect  .   f - +2 helmet
rElec    .         Harm     .   l - +0 cloak
rCorr    .         Rampage  .   (no gloves)
Will     .....                  (no boots)
Stlth    ++........             (no amulet)
HPRegen  0.19/turn              b - +4 ring of evasion
MPRegen  0.15/turn              m - +4 ring of evasion

@: silenced
A: fangs 1, strong nose, distributed training
a: Renounce Religion


You were on level 7 of the Dungeon.
You worshipped Elyvilon.
Elyvilon was greatly pleased with you.
You visited 1 branch of the dungeon, and saw 8 of its levels.

You collected 314 gold pieces.

Inventory:

Hand Weapons
 d - a +0 short sword
 g - a +1 vorpal hunting sling
 q - a +0 morningstar of venom (weapon)
Missiles
 i - 5 boomerangs
 p - 38 poisoned darts
 r - 8 javelins
Armour
 a - a +0 robe (worn)
 f - a +2 helmet (worn)
 l - a +0 cloak (worn)
Jewellery
 b - a +4 ring of evasion (left hand)
 c - a +6 ring of strength
 m - a +4 ring of evasion (right hand)
Wands
 y - a wand of charming (13)
Scrolls
 k - 2 scrolls of fear
 n - a scroll of fog {unknown}
 v - a scroll of enchant weapon {unknown}
 w - 2 scrolls of enchant armour
Potions
 e - 3 potions of curing
 j - 2 potions of flight {unknown}
 o - a potion of heal wounds
 s - 2 potions of brilliance
 t - a potion of haste
 u - a potion of might
 x - a potion of degeneration {unknown}
 z - a potion of ambrosia {unknown}


   Skills:
 + Level 3.0 Fighting
 + Level 3.0 Short Blades
 + Level 3.0 Long Blades
 + Level 3.0 Axes
 + Level 3.0 Maces & Flails
 + Level 3.0 Polearms
 + Level 3.0 Staves
 + Level 3.0 Slings
 + Level 3.0 Bows
 + Level 3.0 Crossbows
 + Level 3.0 Throwing
 + Level 3.0 Armour
 + Level 5.5 Dodging
 + Level 5.2 Stealth
 + Level 3.0 Shields
 + Level 3.0 Unarmed Combat
 + Level 5.9 Spellcasting
 + Level 2.4 Conjurations
 + Level 2.4 Hexes
 + Level 2.4 Summonings
 + Level 2.4 Necromancy
 + Level 2.4 Translocations
 + Level 3.3 Transmutations
 + Level 2.4 Fire Magic
 + Level 2.4 Ice Magic
 + Level 2.4 Air Magic
 + Level 2.4 Earth Magic
 + Level 6.0 Poison Magic
 + Level 3.3 Invocations
 + Level 3.0 Evocations


You had 8 spell levels left.
You knew the following spells:

 Your Spells              Type           Power      Damage    Failure   Level
a - Sting                 Tmut/Pois      80%        1d7       1%          1
b - Olgreb's Toxic Radia  Pois           25%        N/A       11%         4
c - Mephitic Cloud        Conj/Pois/Air  17%        N/A       9%          3
d - Passwall              Tmut/Erth      11%        N/A       6%          2

Your spell library contained the following spells:

 Spells                   Type           Power      Damage    Failure   Level
 Poisonous Vapours        Pois/Air       38%        N/A       3%          2
 Magic Dart               Conj           52%        1d5       4%          1
 Call Imp                 Summ           13%        N/A       8%          2
 Swiftness                Air            13%        N/A       14%         3
 Invisibility             Hex            6%         N/A       100%        6


Dungeon Overview and Level Annotations

Branches:
Dungeon (8/15)             Temple (0/1) D:5
   Lair: D:8-11

Altars:
Elyvilon
Fedhas
Qazlal
Xom

Annotations:
D:2 1 runed translucent door, Crazy Yiuf
D:3 Grinder


Innate Abilities, Weirdness & Mutations

You have very sharp teeth.
Your uncanny sense of smell can sniff out nearby items.
Your experience applies equally to all skills.


Message History

The vampire mosquito closely misses you.
The vampire mosquito bites you but does no damage.
The vampire mosquito completely misses you.
The vampire mosquito bites you.
* * * LOW HITPOINT WARNING * * *
The vampire mosquito draws strength from your injuries!
The vampire mosquito barely misses you. x2
The vampire mosquito completely misses you.
The vampire mosquito completely misses you.
The vampire mosquito bites you but does no damage.
As you read the scroll labelled JARPHAR SOLAS, it crumbles to dust.
You assume a fearsome visage.
The vampire mosquito is unaffected. x3
It was a scroll of fear.
The vampire mosquito bites you but does no damage.
The vampire mosquito misses you.
The vampire mosquito bites you but does no damage.
The vampire mosquito barely misses you.
As you read the scroll labelled XIAKEODWUEF, it crumbles to dust.
A profound silence engulfs you.
It was a scroll of silence.
The vampire mosquito completely misses you.
The vampire mosquito barely misses you.
The vampire mosquito completely misses you.
The vampire mosquito barely misses you.
The vampire mosquito misses you. x2; The vampire mosquito bites you.
* * * LOW HITPOINT WARNING * * *
The vampire mosquito draws strength from your injuries!
You feel much better. The vampire mosquito bites you!
The vampire mosquito draws strength from your injuries!
The vampire mosquito closely misses you.
You hit the vampire mosquito.
The vampire mosquito is moderately damaged.
The vampire mosquito completely misses you.
The vampire mosquito bites you!
* * * LOW HITPOINT WARNING * * *
The vampire mosquito draws strength from your injuries!
The vampire mosquito bites you!
* * * LOW HITPOINT WARNING * * *
The vampire mosquito draws strength from your injuries!
The vampire mosquito bites you.
You die...

....................#####....
..........[............y...#
#...#......................+
#####.#####....##..........#
#....##....##...####.....
#..........##...### .##..
#.............[...# . .
#.................# .
#...........@yy...# ...
#.......)..##y..### .T#
##...##....##...####..#
######....##.........+
#................#
#................#
#.........>......#
#................#
##..#..#...##....#


You could see 3 vampire mosquitoes.

Vanquished Creatures
  Sigmund (D:5)
  An orc warrior (D:5)
  A sky beast (D:5)
  A phantom (D:2)
  3 scorpions
  A wight (D:7)
  A centaur skeleton (D:4)
  4 orc priests
  A hound (D:6)
  An iguana (D:4)
  4 adders
  A howler monkey skeleton (D:7)
  A white imp (D:6)
  An ufetubus (D:6)
  2 worms (D:2)
  A dart slug (D:2)
  13 orcs
  3 endoplasms
  3 giant cockroaches
  6 goblins
  4 hobgoblins
  6 jackals
  4 kobolds
  3 quokkas
  A ball python (D:3)
  3 bats
  2 frilled lizards
  7 rats
80 creatures vanquished.

Vanquished Creatures (others)
  A vampire mosquito (D:7)
  4 fungi (D:3)
  2 plants (D:3)
7 creatures vanquished.

Grand Total: 87 creatures vanquished

Notes
Turn   | Place    | Note
-------+----------+-------------------------------------------
     0 | D:1      | MisterFreud the Gnoll Venom Mage began the quest for the
                  | Orb.
     0 | D:1      | Reached XP level 1. HP: 13/13 MP: 6/6
   241 | D:1      | Reached XP level 2. HP: 19/19 MP: 5/7
   773 | D:1      | Found a faded altar of an unknown god.
   933 | D:1      | Became a worshipper of Elyvilon the Healer
   933 | D:1      | Reached * piety under Elyvilon
  1152 | D:2      | Reached XP level 3. HP: 25/25 MP: 5/9
  1207 | D:2      | Reached skill level 5 in Spellcasting
  1311 | D:2      | Reached skill level 1 in Invocations
  1399 | D:2      | Reached skill level 1 in Fighting
  1399 | D:2      | Reached skill level 1 in Short Blades
  1399 | D:2      | Reached skill level 1 in Long Blades
  1399 | D:2      | Reached skill level 1 in Axes
  1399 | D:2      | Reached skill level 1 in Maces & Flails
  1399 | D:2      | Reached skill level 1 in Polearms
  1399 | D:2      | Reached skill level 1 in Staves
  1399 | D:2      | Reached skill level 1 in Slings
  1399 | D:2      | Reached skill level 1 in Bows
  1399 | D:2      | Reached skill level 1 in Crossbows
  1399 | D:2      | Reached skill level 1 in Throwing
  1399 | D:2      | Reached skill level 1 in Armour
  1399 | D:2      | Reached skill level 1 in Shields
  1399 | D:2      | Reached skill level 1 in Unarmed Combat
  1399 | D:2      | Reached skill level 1 in Evocations
  1640 | D:2      | Found a shimmering altar of Xom.
  1683 | D:2      | Reached XP level 4. HP: 30/32 MP: 7/11
  2058 | D:2      | Found a runed translucent door.
  2059 | D:2      | Noticed Crazy Yiuf
  2324 | D:3      | Learned a level 4 spell: Olgreb's Toxic Radiance
  2335 | D:3      | Reached ** piety under Elyvilon
  2370 | D:3      | Noticed Grinder
  2479 | D:4      | Reached skill level 1 in Conjurations
  2479 | D:4      | Reached skill level 1 in Hexes
  2479 | D:4      | Reached skill level 1 in Summonings
  2479 | D:4      | Reached skill level 1 in Necromancy
  2479 | D:4      | Reached skill level 1 in Translocations
  2479 | D:4      | Reached skill level 1 in Fire Magic
  2479 | D:4      | Reached skill level 1 in Ice Magic
  2479 | D:4      | Reached skill level 1 in Air Magic
  2479 | D:4      | Reached skill level 1 in Earth Magic
  2618 | D:4      | HP: 1/32 [orc priest/nerve-wracking pain (14)]
  2620 | D:4      | Reached XP level 5. HP: 1/37 MP: 5/12
  3102 | D:3      | Noticed a phantom
  3572 | D:4      | Learned a level 3 spell: Mephitic Cloud
  3813 | D:2      | Killed a phantom
  3814 | D:2      | Reached XP level 6. HP: 12/44 MP: 14/14
  4198 | D:3      | Reached *** piety under Elyvilon
  4236 | D:3      | Found a blossoming altar of Fedhas.
  4246 | D:3      | Found a stormy altar of Qazlal.
  4413 | D:5      | Entered Level 5 of the Dungeon
  4502 | D:5      | Noticed Sigmund
  4512 | D:5      | Killed Sigmund
  4513 | D:5      | Reached skill level 5 in Dodging
  4593 | D:5      | Reached XP level 7. HP: 42/50 MP: 9/15
  4644 | D:5      | Found a staircase to the Ecumenical Temple.
  5144 | D:5      | HP: 1/51 [orc warrior (19)]
  5153 | D:5      | Reached skill level 5 in Stealth
  5806 | D:6      | Reached skill level 6 in Poison Magic
  5806 | D:6      | Reached XP level 8. HP: 57/57 MP: 12/16
  6229 | D:7      | Learned a level 2 spell: Passwall
  6251 | D:7      | Reached **** piety under Elyvilon
  6318 | D:7      | Noticed a troll
  6362 | D:7      | Slain by a vampire mosquito

Illustrated notes

Levels and vault maps discovered:
D:1:      dpeg_arrival_arbitrary_c, layout_basic,
          hellmonk_ecumenical_altar_leap_of_faith
D:2:      layout_loops_ring, basic_altar, uniq_crazy_yiuf_cottage
D:3:      layout_basic, grunt_temple_overflow_forces_of_nature,
          serial_corexii_hall, corexii_hall_statues_i, corexii_hall_statues_i,
          corexii_hall_statues_l, corexii_hall_statues_s, uniq_grinder
D:4:      layout_cave_pods
D:5:      layout_rooms, minmay_temple_entry_waves, uniq_sigmund
D:6:      layout_loops_cross, mainiacjoe_overflow_paths, serial_shops,
          shop_statue, kennysheep_nub, nrook_uturn, nrook_mini_backslash
D:7:      layout_gridville, kennysheep_mini_moat, serial_shops, kennysheep_mini,
          uniq_menkaure, uniq_maggie
D:8:      layout_basic, serial_shops, nicolae_square_shop, uniq_gastronok,
          uniq_harold, uniq_joseph, uniq_grum

Skill      XL: |  1  2  3  4  5  6  7  8 |
---------------+-------------------------+-----
Transmutations | 2 3 |  3.3
Spellcasting   | 5 |  5.9
Invocations    | 1 2 3 |  3.3
Fighting       | 1 2 3 |  3.0
Short Blades   | 1 2 3 |  3.0
Long Blades    | 1 2 3 |  3.0
Axes           | 1 2 3 |  3.0
Maces & Flails | 1 2 3 |  3.0
Polearms       | 1 2 3 |  3.0
Staves         | 1 2 3 |  3.0
Slings         | 1 2 3 |  3.0
Bows           | 1 2 3 |  3.0
Crossbows      | 1 2 3 |  3.0
Throwing       | 1 2 3 |  3.0
Armour         | 1 2 3 |  3.0
Shields        | 1 2 3 |  3.0
Unarmed Combat | 1 2 3 |  3.0
Evocations     | 1 2 3 |  3.0
Conjurations   | 1 2 |  2.4
Hexes          | 1 2 |  2.4
Summonings     | 1 2 |  2.4
Necromancy     | 1 2 |  2.4
Translocations | 1 2 |  2.4
Fire Magic     | 1 2 |  2.4
Ice Magic      | 1 2 |  2.4
Air Magic      | 1 2 |  2.4
Earth Magic    | 1 2 |  2.4
Dodging        | 5 |  5.5
Stealth        | 5 |  5.2
Poison Magic   | 6 |  6.0

Action                   |  1- 3 |  4- 6 |  7- 9 || total
-------------------------+-------+-------+-------++-------
Melee: Short sword       |    13 |    63 |    18 ||    94
       Bite              |     1 |     4 |     4 ||     9
       Morningstar       |       |       |    53 ||    53
       Punch             |       |       |     1 ||     1
 Cast: Sting             |    56 |    50 |    38 ||   144
       Olgreb's Toxic Ra |       |     2 |       ||     2
Evoke: Wand              |       |       |     1 ||     1
  Use: Scroll            |       |     5 |     4 ||     9
       Potion            |       |       |     1 ||     1
 Stab: Sleeping          |       |     1 |     1 ||     2
Armor: Robe              |     2 |     8 |    17 ||    27
Dodge: Dodged            |    27 |    85 |   129 ||   241
